 Dungeon Crawl Stone Soup version 0.30-a0-743-gbfdf073431 (webtiles) character file.

Game seed: 5468350929600307662

221 Dartaoz the Changer (level 5, -8/37 HPs)
             Began as a Merfolk Transmuter on Feb 5, 2023.
             Mangled by a gnoll
             ... wielding a +0 halberd
              (11 damage)
             ... on level 3 of the Dungeon.
             The game lasted 00:06:06 (2380 turns).

Dartaoz the Changer (Merfolk Transmuter)            Turns: 2380, Time: 00:06:07

Health: -8/37      AC:  6    Str: 12    XL:     5   Next: 98%
Magic:  6/8        EV: 12    Int: 13    God:
Gold:   315        SH:  0    Dex: 14    Spells: 5/8 levels left

rFire   + . .      SeeInvis .      - Unarmed
rCold   . . .      Faith    .    (no shield)
rNeg    . . .      Spirit   .    a - +0 robe
rPois   .          Reflect  .    (helmet currently unavailable)
rElec   .          Harm     .    (no cloak)
rCorr   .          Rampage  .    (no gloves)
Will    .....                    (boots currently unavailable)
Stlth   +                        (no amulet)
HPRegen 0.26/turn                d - +4 ring of protection
MPRegen 0.11/turn                p - ring of protection from fire

@: appendages, wereblooded (expiring)
A: horns 2, (nimble swimmer 2), mertail
a: End Transformation


You were on level 3 of the Dungeon.
You had temporarily grown beastly horns.
You visited 1 branch of the dungeon, and saw 3 of its levels.

You collected 315 gold pieces.

Inventory:

Armour
 a - a +0 robe (worn)
Jewellery
 d - a +4 ring of protection (left hand)
 p - a ring of protection from fire (right hand)
Scrolls
 c - 3 scrolls of teleportation {unknown}
 e - 2 scrolls of blinking {unknown}
 f - 4 scrolls of identify {unknown}
 g - a scroll of silence {unknown}
 j - 3 scrolls of vulnerability {unknown}
 l - a scroll of butterflies {unknown}
 o - a scroll of torment {unknown}
Potions
 b - a potion of lignification
 h - 3 potions of brilliance {unknown}
 i - a potion of degeneration {unknown}
 k - a potion of mutation {unknown}
 m - a potion of berserk rage {unknown}
 n - a potion of flight {unknown}


   Skills:
 - Level 1.1 Fighting
 - Level 2.6 Dodging
 + Level 5.3 Unarmed Combat
 - Level 2.0 Spellcasting
 + Level 5.7 Transmutations
 + Level 1.3 Poison Magic


You had 5 spell levels left.
You knew the following spells:

 Your Spells              Type           Power      Damage    Failure   Level
a - Beastly Appendage     Tmut           32%        N/A       2%          1
b - Wereblood             Tmut           16%        N/A       3%          2

Your spell library contained the following spells:

 Spells                   Type           Power      Damage    Failure   Level
 Spider Form              Tmut/Pois      10%        N/A       19%         3
 Ensorcelled Hibernation  Hex/Ice        2%         N/A       36%         2
 Ice Form                 Ice/Tmut       8%         N/A       61%         4
 Anguish                  Hex/Necr       0%         N/A       94%         4
 Conjure Ball Lightning   Conj/Air       0%         3x3d6     100%        6
 Discord                  Hex            0%         N/A       100%        8
 Disjunction              Tloc           0%         N/A       100%        8


Dungeon Overview and Level Annotations

Branches:
Dungeon (3/15)

Altars:
Zin


Innate Abilities, Weirdness & Mutations

You have temporarily grown beastly horns.
((You are very nimble when in or above water. (Stealth+, EV+, Speed+++)))
Your lower body shifts to a powerful aquatic tail in water.


Message History

The gnoll is severely wounded.
The gnoll hits you but does no damage. x2
The frilled lizard barely misses you. The gnoll hits you but does no damage.
You barely miss the gnoll. You headbutt the gnoll.
You feel a bit better.
You kill the gnoll!
The gnoll drinks a potion.
The gnoll seems to grow stronger.
The gnoll closely misses you. The frilled lizard barely misses you.
You punch the adder!
The adder is severely wounded.
The adder bites you. The gnoll closely misses you.
The gnoll hits you from afar with a +0 halberd!
The gnoll barely misses you.
The frilled lizard bites you but does no damage.
You are too injured to fight recklessly!
You are too injured to fight recklessly!
You are too injured to fight recklessly!
The adder attacks as you move away! The adder bites you but does no damage.
The gnoll attacks as you move away! The gnoll closely misses you.
Your horns disappear.
The gnoll closely misses you. The adder closely misses you.
You are too injured to fight recklessly!
You are too injured to fight recklessly!
You barely miss the adder.
The adder is severely wounded.
The gnoll hits you from afar with a +0 spear.
* * * LOW HITPOINT WARNING * * *
The adder bites you.
* * * LOW HITPOINT WARNING * * *
The gnoll hits you from afar with a +0 halberd.
* * * LOW HITPOINT WARNING * * *
You are too injured to fight recklessly!
Casting: Wereblood (safe; 3% risk of failure)
Confirm with . or Enter, or press ? or * to list all spells.
You grow a pair of large bovine horns.
Your primal bloodlust is almost over.
The adder bites you.
* * * LOW HITPOINT WARNING * * *
The gnoll completely misses you.
The gnoll hits you from afar with a +0 halberd!
You die...

.### . .... .# #..# ..##
#..# #.... #.......##.
#..#...... #ggg....#
#...# #S# ... #...#
#@##.#.###
#...#######.........
#...##.......#.##...
######...##.#####.#......
.........................
...............##.#......
...............##.#......
######...##.......# #)...
#...########## .###


You could see 3 gnolls and an adder.

Vanquished Creatures
  An iguana (D:3)
  Natasha (thrice) (D:2)
  A gnoll (D:3)
  3 adders
  2 worms
  3 dart slugs (D:2)
  4 orcs
  5 endoplasms
  5 goblins
  8 hobgoblins
  8 jackals
  5 kobolds
  A quokka (D:2)
  4 ball pythons
  8 bats
  4 frilled lizards
  8 rats
73 creatures vanquished.

Vanquished Creatures (others)
  5 toadstools (D:2)
5 creatures vanquished.

Grand Total: 78 creatures vanquished

Notes
Turn   | Place    | Note
-------+----------+-------------------------------------------
     0 | D:1      | Dartaoz the Merfolk Transmuter began the quest for the Orb.
     0 | D:1      | Reached XP level 1. HP: 15/15 MP: 3/3
   249 | D:1      | Reached XP level 2. HP: 21/21 MP: 3/5
   695 | D:2      | Reached XP level 3. HP: 22/26 MP: 4/6
   822 | D:2      | Found a glowing silver altar of Zin.
  1006 | D:2      | Learned a level 2 spell: Wereblood
  1112 | D:2      | Noticed Natasha
  1125 | D:2      | Killed Natasha
  1126 | D:2      | Reached XP level 4. HP: 30/32 MP: 5/7
  1141 | D:2      | Found a faded altar of an unknown god.
  1201 | D:2      | Noticed Natasha
  1207 | D:2      | Killed Natasha
  1377 | D:2      | Noticed Natasha
  1386 | D:2      | Killed Natasha
  1387 | D:2      | Reached skill level 5 in Unarmed Combat
  1387 | D:2      | Reached skill level 5 in Transmutations
  1387 | D:2      | Reached XP level 5. HP: 33/37 MP: 6/8
  2212 | D:3      | Reached skill level 1 in Poison Magic
  2380 | D:3      | Mangled by a gnoll

Illustrated notes

Levels and vault maps discovered:
D:1:      amcnicky_arrival_gap_in_the_tavern_cellar, layout_rooms,
          corexii_hall_statues_deadend, nrook_loot_triangle
D:2:      minmay_chambers_of_twos, layout_loops_ring, basic_altar,
          chequers_ecumenical_altar_simple_redux, minmay_gold_behind_fungi,
          minmay_randomly_rotated_circles, uniq_natasha
D:3:      minmay_razor_zed, layout_loops_cross, lemuel_crystal_altar

Skill      XL: |  1  2  3  4  5 |
---------------+----------------+-----
Transmutations | 3 4 5 |  5.7
Unarmed Combat | 4 5 |  5.3
Poison Magic   | 1 |  1.3
Fighting       | |  1.1
Dodging        | |  2.6
Spellcasting   | |  2.0

Action                     |  1- 3 |  4- 6 || total
---------------------------+-------+-------++-------
  Melee: Unarmed           |    93 |   131 ||   224
         Headbutt          |    14 |    19 ||    33
         Punch             |       |     2 ||     2
   Cast: Beastly Appendage |    18 |    23 ||    41
         Wereblood         |       |     2 ||     2
   Stab: Sleeping          |     2 |     1 ||     3
 Armour: Robe              |    26 |    56 ||    82
  Dodge: Dodged            |    41 |   104 ||   145

Table legend: (Time is in decaauts)
 A = Elapsed time spent in this place.
 B = Non-inter-level travel time spent in this place.
 C = Inter-level travel time spent in this place.
 D = Time resting spent in this place.
 E = Time spent auto-exploring this place.
 F = Levels seen in this place.
 G = Mean time per level.
                   A        B        C        D        E       F      G
               +--------+--------+--------+--------+--------+-----+--------+
         Total |   2359 |   2301 |     58 |      0 |   1858 |   3 |  786.3 |
       Dungeon |   2359 |   2301 |     58 |      0 |   1858 |   3 |  786.3 |
               +--------+--------+--------+--------+--------+-----+--------+

Top non-repeatable levels by time:
     D:2: 1204 daAuts
     D:1: 592 daAuts
     D:3: 563 daAuts
